 Seeded DCSS version 0.29.1-1-gd02db6906a (webtiles) character file.

Game seed: 2387645567842811425 (custom seed)

20 lonewolfV2 the Trooper (level 2, -2/24 HPs)
             Began as a Demonspawn Berserker on Oct 18, 2022.
             Was a Follower of Trog.
             Slain by a kobold
             ... wielding a +2 vampiric short sword
              (3 damage)
             ... on level 1 of the Dungeon.
             The game lasted 00:01:20 (702 turns).

lonewolfV2 the Trooper (Demonspawn Berserker)        Turns: 702, Time: 00:01:21

Health: -2/24      AC:  2    Str: 19    XL:     2   Next: 58%
Magic:  0/0        EV:  9    Int:  8    God:    Trog [*.....]
Gold:   20         SH:  0    Dex: 14    Spells: 1/1 levels left

rFire   + . .      SeeInvis .   b - +5 lajatang of Premature Burial {antimagic, rF+ Str+2 Dex+2}
rCold   . . .      Faith    .   (shield currently unavailable)
rNeg    . . .      Spirit   .   a - +0 animal skin
rPois   .          Reflect  .   (no helmet)
rElec   .          Harm     .   (no cloak)
rCorr   .          Rampage  .   (no gloves)
Will    .....                   (no boots)
Stlth   +.........              (no amulet)
HPRegen 0.08/turn               (no ring)
MPRegen 0.07/turn               (no ring)

@: constricted
A: foul stench 1
a: Renounce Religion, Berserk


You were on level 1 of the Dungeon.
You worshipped Trog.
Trog was aware of your devotion.
You visited 1 branch of the dungeon, and saw 1 of its levels.

You collected 20 gold pieces.

Inventory:

Hand Weapons
 b - the +5 lajatang of Premature Burial (weapon) {antimagic, rF+ Str+2 Dex+2}
   (You acquired it on level 1 of the Dungeon)

   It reduces the magical energy of the wielder, and disrupts the spells and
   magical abilities of those it strikes.
   Natural abilities and divine invocations are not affected.
   Str:       It affects your strength (+2).
   Dex:       It affects your dexterity (+2).
   rF:        It protects you from fire.
Armour
 a - a +0 animal skin (worn)
Jewellery
 d - a +4 ring of evasion
Scrolls
 e - a scroll of noise {unknown}
 g - a scroll of teleportation {unknown}
Potions
 c - a potion of magic {unknown}
 f - a potion of haste {unknown}


   Skills:
 + Level 3.2 Fighting
 + Level 2.1 Armour
 + Level 2.1 Dodging
 + Level 2.9 Unarmed Combat


You had one spell level left.
You didn't know any spells.
Your spell library was empty.

Dungeon Overview and Level Annotations

Branches:
Dungeon (1/15)

Altars:


Innate Abilities, Weirdness & Mutations

You may rarely emit foul miasma when damaged in melee.


Message History

The goblin hits you with a +0 club.
You barely miss the goblin. The goblin hits you with a +0 club.
The goblin closely misses you.
The kobold shouts!
You slash the goblin!
You kill the goblin!
Trog accepts your kill.
You hear an angry hiss.
You see here a +0 club.
The kobold throws a stone.
The stone hits you but does no damage. The kobold misses you.
The kobold hits you with a +2 vampiric short sword.
The ball python bites you but does no damage.
The ball python barely misses you.
You closely miss the kobold. The kobold barely misses you.
The ball python bites you. The ball python closely misses you.
The ball python bites you but does no damage.
The ball python grabs you. The ball python constricts you.
The kobold hits you with a +2 vampiric short sword.
You hit the kobold.
The kobold is moderately wounded.
The ball python bites you. The ball python constricts you.
The kobold hits you with a +2 vampiric short sword.
* * * LOW HITPOINT WARNING * * *
You closely miss the kobold.
The kobold is moderately wounded.
The ball python bites you but does no damage.
The ball python constricts you.
The kobold hits you with a +2 vampiric short sword.
* * * LOW HITPOINT WARNING * * *
The ball python bites you but does no damage.
The ball python constricts you.
You closely miss the kobold.
The kobold is moderately wounded.
The kobold barely misses you. The ball python bites you.
* * * LOW HITPOINT WARNING * * *
The ball python constricts you.
* * * LOW HITPOINT WARNING * * *
The kobold hits you with a +2 vampiric short sword.
You die...

...#..# ...#..#
#.......... ......#
#.......... ...#..#
#.......... ...#..#
#.......... .###..#
##........ .....[#
#.......# ......#
##....S..# #######
##....@K..#
###########..†......#
...............)....#
#.##..#.##.##.......#
#.##..#.##.##!......#
..##..#.##.##.).....#
#.##..#.##.##.......#
#.##.>......#.......#
#.......###.#.......#


You could see a ball python and a kobold.

Vanquished Creatures
  3 endoplasms (D:1)
  A giant cockroach (D:1)
  A goblin (D:1)
  2 hobgoblins (D:1)
  3 jackals (D:1)
  2 quokkas (D:1)
  A ball python (D:1)
  2 bats (D:1)
  A kobold (D:1)
  A rat (D:1)
17 creatures vanquished.

Notes
Turn   | Place    | Note
-------+----------+-------------------------------------------
     0 | D:1      | lonewolfV2 the Demonspawn Berserker began the quest for the
                  | Orb.
     0 | D:1      | Reached XP level 1. HP: 18/18 MP: 1/1
    51 | D:1      | Identified a scroll of acquirement
    51 | D:1      | Acquired the +5 lajatang of Premature Burial {antimagic,
                  | rF+ Str+2 Dex+2}
   424 | D:1      | Gained mutation: You may rarely emit foul miasma when
                  | damaged in melee. [demonic ancestry]
   424 | D:1      | Reached XP level 2. HP: 24/24 MP: 0/2
   458 | D:1      | Found a faded altar of an unknown god.
   702 | D:1      | HP: 1/24 [constriction (1)]
   702 | D:1      | Slain by a kobold

Illustrated notes

Levels and vault maps discovered:
D:1:      lemuel_arrival_room, layout_basic, ebering_ecumenical_altar_box

Skill      XL: |  1 |
---------------+----+-----
Dodging        | 2 |  2.1
Armour         | 2 |  2.1
Fighting       | |  3.2
Unarmed Combat | |  2.9

Action                   || total
-------------------------++-------
Melee: Lajatang          ||    37
  Use: Scroll            ||     1
Armor: Animal skin       ||    12
Dodge: Dodged            ||    33
